 Dungeon Crawl Stone Soup version 0.14.0-12-g87ee3b7 (webtiles) character file.

134 HungrySpirit the Slasher (level 4, -9/35 HPs)
             Began as a Formicid Fighter on Apr 16, 2014.
             Mangled by Grinder (11 damage)
             ... on Level 3 of the Dungeon.
             The game lasted 00:04:01 (1919 turns).

HungrySpirit the Slasher (Formicid Fighter)         Turns: 1919, Time: 00:04:02

HP  -9/35        AC  8     Str 26      XL: 4   Next: 25%
MP   5/5         EV  7     Int 13      God:
Gold 74          SH 20     Dex 10      Spells:  0 memorised,  3 levels left

rFire  . . .     SeeInvis +     a - +0 long sword
rCold  . . .     Clarity  .     b - +0 scale mail
rNeg   . . .     Conserve .     c - +0 shield
rPois  .         rCorr    .     (helmet unavailable)
rElec  .         rRot     .     (no cloak)
SustAb . .       Spirit   .     l - +0 pair of gloves
rMut   .         Warding  .     (no boots)
Saprov . . .     Stasis   +     (no amulet)
MR     .....                    (no ring)
                                (no ring)

@: mighty, brilliant, not resistant to hostile enchantments, extremely
unstealthy
A: permanent stasis, dig shafts and tunnels, four strong arms, antennae 3
a: Dig, Shaft Self


You were on level 3 of the Dungeon.
You were not hungry.

You visited 1 branch of the dungeon, and saw 3 of its levels.

You collected 74 gold pieces.

Inventory:

Hand weapons
 a - a +0,+0 long sword (weapon)
Armour
 b - a +0 scale mail (worn)
 c - a +0 shield (worn)
 l - a +0 pair of gloves (worn)
Comestibles
 d - 2 bread rations
 p - a choko
Scrolls
 f - a scroll of teleportation {unknown}
 g - 3 scrolls of identify {unknown}
 h - a scroll of enchant armour {unknown}
 j - 3 scrolls of magic mapping {unknown}
 k - 3 scrolls of remove curse {unknown}
 m - a scroll of enchant weapon I {unknown}
 n - a scroll of random uselessness {unknown}
Potions
 q - a potion of magic {unknown}


   Skills:
 - Level 3.2 Fighting
 + Level 4.2 Long Blades
 - Level 3.2 Armour
 - Level 3.6 Shields


You had 3 spell levels left.
You didn't know any spells.

Dungeon Overview and Level Annotations

Branches:
Dungeon (3/15)

Altars:
Kikubaaqudgha

Annotations:
D:3 Grinder; Ragg's ghost, average GrFi


Innate Abilities, Weirdness & Mutations

Your are under a permanent stasis effect.
You can dig through walls and to a lower floor.
Your four strong arms can wield two-handed weapons with a shield.
You have a pair of large antennae on your head (SInv).


Message History

Your scroll labeled UTRUEWKUSA catches fire!
You barely miss Grinder. Grinder barely misses you. Grinder gestures at you.
Your stasis keeps you stable.
You slash Grinder!
Grinder is heavily wounded.
Grinder hits you.
You writhe in agony.
You slash Grinder!
Grinder is heavily wounded.
Grinder zaps a wand.
You block the puff of flame.
You slash Grinder!
Grinder is severely wounded.
Grinder zaps a wand.
You block the puff of flame.
Grinder says, "I used to sell toe-nails on the black market."
Grinder zaps a wand.
The puff of flame hits you!
* * * LOW HITPOINT WARNING * * *
Drink which item? (? for menu, Esc to quit)
You feel clever all of a sudden.
It was a potion of brilliance.
Grinder hits you!
You die...

# #. ####.####### #
...........# #####+###
...........# #......#.
#......5....# #......'.
#.......@...# #......##
#..!........#
###......#
......[....###.'......#
...............#.(%...#
.........?.########)###
########.## #.# #..#
##.# ...## #..# +###
#.##


You could see Grinder.

Vanquished Creatures
  2 adders
  A ball python (D:2)
  2 giant cockroaches (D:1)
  7 goblins
  6 hobgoblins
  3 jackals (D:1)
  2 quokkas
  7 bats
  A giant gecko (D:1)
  3 giant newts
  4 kobolds
  6 rats
44 creatures vanquished.

Notes
Turn   | Place    | Note
--------------------------------------------------------------
     0 | D:1      | HungrySpirit, the Formicid Fighter, began the quest for the Orb.
     0 | D:1      | Reached XP level 1. HP: 18/18 MP: 1/1
    29 | D:1      | Reached XP level 2. HP: 10/24 MP: 3/3
   609 | D:1      | Reached XP level 3. HP: 27/29 MP: 4/4
  1710 | D:2      | Found an ancient bone altar of Kikubaaqudgha.
  1821 | D:3      | Reached XP level 4. HP: 33/35 MP: 5/5
  1831 | D:3      | Reached skill level 4 in Long Blades
  1868 | D:3      | Noticed Ragg's ghost (average GrFi)
  1904 | D:3      | Noticed Grinder
  1919 | D:3      | Mangled by Grinder

Action                   |  1- 3 |  4- 6 || total
-------------------------+-------+-------++-------
Melee: Long sword        |   139 |    27 ||   166
  Use: Potion            |       |     2 ||     2
